Map: Nightscape LE

Players

DaM

  • Race: Terran Terran
  • Spawn Location: 7:00

GolDaniels

  • Race: Terran Terran
  • League: Diamond
  • Spawn Location: 7:00

Massa - Winner!

  • Race: Terran Terran
  • League: Platinum
  • Spawn Location: 1:00

qqq - Winner!

  • Race: Zerg Zerg
  • League: Platinum
  • Spawn Location: 1:00

VOD

Have the link to the VOD?

Description

Time

  • Played on: Dec. 29, 2020, 4:27 p.m.
  • Length: 25:24
Show
View Real Time Build Order
Export as new Build Order

DaM Terran 

Build Orders:  

Get SALT Encoding   

  12  0:00  SCV  
  13  0:12  SCV  
  14  0:22  Supply Depot  
  14  0:24  SCV  
  15  0:31  Refinery  
  15  0:44  SCV  
  15  0:46  Barracks  
  16  0:56  SCV  
  17  1:08  SCV  
  17  1:10  Barracks  
  18  1:20  SCV  
  18  1:22  Supply Depot  
  19  1:32  SCV  
  20  1:36  Marine  
  21  1:44  SCV  
  22  1:49  Supply Depot  
  22  1:58  Barracks Tech Lab, Factory  
  22  1:59  Marine  
  23  2:04  SCV  
  24  2:18  Orbital Command  
  24  2:25  Refinery  
  23  2:30  Marine  
  23  2:31  Stimpack  
  24  2:38  Marine  
  25  2:46  SCV  
  26  2:55  Starport  
  26  2:58  SCV  
  26  2:59  Marine x2  
  26  3:04  Factory Reactor  
  29  3:10  SCV  
  30  3:17  Marine x2  
  32  3:20  Supply Depot  
  32  3:23  SCV  
  33  3:35  SCV, Marauder  
  36  3:45  Engineering Bay  
  36  3:47  SCV  
  37  3:49  Medivac x2  
  37  3:52  Marine  
  42  3:56  Marine  
  42  3:59  SCV  
  42  4:00  Supply Depot  
  44  4:11  SCV  
  44  4:14  Missile Turret  
  45  4:19  Medivac  
  45  4:23  SCV  
  48  4:26  Marauder  
  50  4:33  Barracks Reactor  
  50  4:37  SCV  
  51  4:45  Combat Shield  
  51  4:47  Marine  
  51  4:49  SCV  
  52  5:01  SCV  
  52  5:05  Marine  
  48  5:13  SCV  
  44  5:23  Marine  
  44  5:25  SCV  
  40  5:37  SCV  
  40  5:41  Marine  
  39  5:50  SCV  
  33  5:58  Marine  
  33  6:00  Viking  
  33  6:02  SCV  
  37  6:14  SCV  
  38  6:28  Command Center  
  38  6:41  Marine  
  38  6:42  Marauder, Marine  
  38  6:43  Concussive Shells  
  42  6:50  SCV  
  43  6:54  Terran Infantry Weapons Level 1  
  43  6:57  Factory Reactor  
  43  6:59  Marine x2  
  45  7:05  Barracks  
  45  7:07  Marine  
  46  7:14  SCV  
  47  7:19  Missile Turret  
  47  7:27  Marauder  
  49  7:37  SCV  
  49  7:38  Missile Turret  
  50  7:49  SCV  
  51  7:59  Marauder, Marine x2  
  51  8:01  Barracks Reactor  
  51  8:02  Medivac x2  
  59  8:05  Supply Depot  
  57  8:20  Orbital Command  
  57  8:27  Refinery  
  57  8:28  SCV  
  57  8:31  Refinery  
  58  8:37  Marauder, Marine x3  
  58  8:38  Marine  
  58  8:39  Widow Mine  
  66  8:47  Missile Turret  
  68  8:48  Widow Mine  
  68  8:55  Marine  
  69  9:02  Viking  
  69  9:03  Viking  
  73  9:12  Marine  
  73  9:13  Marauder, Marine x2  
  78  9:29  Command Center  
  78  9:56  Supply Depot  
  78  9:57  Supply Depot  
  78  10:00  SCV, Marine  
  78  10:07  Marine x2  
  78  10:11  Marine  
  78  10:12  Marauder  
  73  10:18  Marine  
  67  10:22  Armory  
  67  10:25  Marine x2  
  67  10:28  Marine  
  67  10:34  Marauder  
  70  10:35  Marine  
  70  10:36  Factory  
  70  10:37  Barracks  
  70  10:42  Marine x2  
  71  10:44  Barracks, Planetary Fortress  
  71  10:46  SCV x2, Marine  
  76  10:53  Marine  
  76  10:55  Marauder  
  79  10:58  SCV x2  
  79  11:00  Marine x2  
  83  11:08  Marine  
  83  11:10  SCV  
  83  11:11  SCV, Marine, Hellbat  
  87  11:17  Marauder  
  90  11:19  Marine  
  91  11:31  SCV  
  92  11:34  Factory Reactor, Marine x2  
  92  11:38  Marauder  
  96  11:43  SCV  
  97  11:49  Marine  
  97  11:50  Marine  
  97  11:51  Barracks Reactor x2  
  99  11:55  SCV  
  99  11:58  Hellbat  
  99  11:59  Barracks, Marauder, Hellbat  
  106  12:03  Factory  
  94  12:17  Marine x4  
  94  12:18  Hellbat  
  94  12:19  Hellbat  
  94  12:20  Hellbat  
  94  12:21  Marauder  
  96  12:34  Medivac x2  
  96  12:35  Marine x6  
  96  12:36  Marine  
  107  12:40  Hellbat  
  109  12:56  Supply Depot  
  109  13:18  Marine x4, Hellbat x2  
  117  13:23  Supply Depot x2  
  117  13:26  Refinery  
  117  13:28  Refinery  
  117  13:33  Factory Tech Lab  
  117  13:34  Terran Vehicle And Ship Armor Level 1  
  117  13:37  Terran Infantry Weapons Level 2, Missile Turret, Supply Depot  
  117  13:43  Engineering Bay  
  117  13:44  Marine x4  
  117  13:45  SCV, Marauder  
  117  13:48  Marine x2, Supply Depot  
  125  13:50  Barracks Reactor  
  125  13:51  Medivac x2  
  130  13:56  Missile Turret  
  130  13:57  SCV  
  130  13:59  Supply Depot  
  131  14:06  Marauder  
  131  14:07  Infernal Pre-Igniter  
  131  14:08  Hellbat x2  
  131  14:09  SCV, Hellbat  
  140  14:19  Marine x3  
  140  14:21  SCV  
  144  14:28  Marauder  
  146  14:32  Marine  
  146  14:33  SCV, Marine  
  146  14:34  Medivac  
  151  14:45  SCV  
  152  14:49  Marauder  
  154  15:07  Marine x6  
  148  15:08  Marine x3  
  148  15:09  Hellbat x2  
  156  15:25  Marauder  
  154  15:33  Marine x2  
  154  15:34  Marine x2  
  154  15:35  Medivac x2  
  157  15:36  SCV  
  149  15:46  Marauder  
  149  15:48  SCV  
  132  16:08  Marauder, Marine x4  
  132  16:10  Hellbat x2  
  144  16:11  Hellbat  
  131  16:29  Marauder  
  131  16:31  Hellbat  
  127  16:35  Marine x3  
  127  16:36  Marine x3  
  129  16:43  Hellbat x2  
  133  16:50  Marauder  
  135  16:55  Marine x5  
  135  17:01  SCV  
  141  17:12  Marauder  
  141  17:13  SCV  
  144  17:19  Command Center  
  144  17:33  Marauder  
  144  17:34  Medivac x2  
  144  17:36  Terran Infantry Weapons Level 3, Terran Infantry Armor Level 1  
  150  17:55  Marauder  
  152  18:09  Marine x5  
  157  18:16  Supply Depot  
  157  18:18  Supply Depot  
  157  18:30  Marauder, Marine, Hellbat x3  
  159  18:52  Marauder, Marine x4  
  159  18:53  Marine  
  156  19:13  Marauder  
  126  19:21  Marine x4  
  164  19:24  Medivac x2  
  120  19:25  Marine x3  
  120  19:27  Hellbat x3  
  126  19:35  Marauder  
  91  19:53  Marine x4  
  91  19:54  Marine x2  
  91  19:56  Marauder  
  95  20:17  Marauder  
  97  20:39  Marauder  
  89  21:00  Marauder  
  60  21:42  Orbital Command  
  60  22:18  Widow Mine  
  62  22:22  Marine  
  62  22:23  Marauder  
  62  23:00  Marauder, Marine x5  
  62  23:01  Marine x2  
  71  23:11  Marine  
  71  23:12  Marine  
  73  23:14  SCV  
  74  23:30  Marine x2  
  74  23:31  Marauder  
  78  23:56  Marauder, Marine x3  
  83  24:04  Siege Tank  
  86  24:20  Widow Mine x2  
  90  24:43  Marauder, Marine x3  
  93  25:02  Widow Mine x2  
Show
View Real Time Build Order
Export as new Build Order

GolDaniels Terran 

Build Orders:  

Get SALT Encoding   

  12  0:01  SCV  
  13  0:16  SCV  
  13  0:18  Supply Depot  
  14  0:29  SCV  
  15  0:36  Refinery  
  15  0:44  Barracks  
  15  0:45  SCV  
  16  0:58  SCV  
  17  1:10  SCV  
  18  1:22  SCV  
  19  1:34  SCV  
  20  1:47  Command Center  
  20  1:49  Orbital Command  
  20  1:51  Barracks Tech Lab  
  20  2:00  Barracks  
  20  2:11  Marauder  
  20  2:12  Concussive Shells  
  22  2:18  SCV  
  23  2:24  Refinery  
  23  2:39  Factory  
  23  2:58  SCV  
  23  3:00  Barracks Reactor  
  24  3:10  SCV  
  24  3:12  Marine  
  26  3:15  Refinery  
  26  3:21  Orbital Command  
  26  3:23  SCV  
  26  3:26  Factory Tech Lab  
  27  3:30  Marauder  
  27  3:32  Starport  
  29  3:35  SCV  
  30  3:42  Stimpack  
  30  3:47  SCV  
  30  3:48  Marine  
  31  3:51  Marine  
  33  3:58  Engineering Bay  
  33  3:59  Marine  
  33  4:00  Widow Mine  
  33  4:02  SCV x2  
  38  4:13  Starport Reactor  
  38  4:14  Supply Depot  
  38  4:27  Missile Turret x2  
  38  4:35  SCV x2, Marine, Reaper  
  38  4:36  Marauder  
  44  4:44  Barracks  
  44  4:46  Barracks  
  44  4:48  SCV x2  
  46  5:01  Supply Depot  
  46  5:22  Marine  
  46  5:23  SCV x2, Marine, Viking, Missile Turret  
  46  5:25  Missile Turret  
  52  5:34  Marine  
  52  5:35  SCV x2  
  52  5:40  Marine x2  
  53  5:47  SCV  
  54  5:52  Missile Turret  
  54  5:55  Marine  
  54  5:59  SCV  
  54  6:05  Supply Depot  
  54  6:15  Supply Depot  
  54  6:26  Marine x3  
  54  6:27  Viking x2  
  54  6:29  Refinery  
  54  6:30  Marine  
  62  6:36  Marine  
  63  6:43  Command Center  
  63  6:44  Marine  
  63  6:45  Marauder  
  66  6:52  SCV x2  
  68  6:57  Viking  
  69  7:04  SCV  
  69  7:06  Marauder  
  70  7:16  Missile Turret  
  70  7:17  Missile Turret  
  70  7:24  Supply Depot  
  70  7:25  Supply Depot  
  70  7:31  Barracks Reactor x2  
  70  7:38  Supply Depot  
  70  7:40  Supply Depot  
  70  7:45  Marine x2, Medivac x2  
  70  7:46  Widow Mine  
  70  7:47  Supply Depot  
  78  7:56  Marine  
  79  7:59  Orbital Command  
  79  8:03  Marine x2  
  81  8:07  Cyclone  
  84  8:15  Medivac, Viking  
  84  8:17  Marine  
  89  8:22  Missile Turret  
  89  8:27  Terran Infantry Weapons Level 1  
  89  8:34  Engineering Bay  
  89  8:37  Marine  
  89  8:38  Armory  
  89  8:39  Siege Tank  
  93  8:42  Missile Turret  
  93  8:45  Medivac  
  95  8:50  Viking  
  95  8:54  Orbital Command  
  97  9:05  Starport  
  97  9:15  Viking  
  99  9:20  SCV  
  99  9:21  SCV x2  
  101  9:27  Viking  
  103  9:33  SCV x2  
  103  9:37  Terran Ship Weapons Level 1  
  105  9:43  Armory  
  105  9:49  Starport Reactor  
  105  9:50  Viking  
  107  9:57  Viking  
  98  10:10  Marine x5  
  98  10:11  Marauder, Marine  
  93  10:20  Viking  
  87  10:27  Viking  
  78  10:29  Viking x2  
  78  10:32  Marauder  
  78  10:34  SCV x3  
  81  10:38  Refinery  
  81  10:41  Refinery  
  81  10:46  SCV x2  
  81  10:49  Marine x6  
  88  10:50  Viking  
  88  10:51  Widow Mine  
  88  10:53  Marauder  
  95  10:57  Viking  
  95  10:59  Viking x2  
  94  11:15  Marauder  
  86  11:20  Liberator  
  86  11:24  Marine x4  
  86  11:25  Marine x2  
  73  11:33  Siege Tank  
  73  11:36  Marauder  
  74  11:42  Marine x4  
  77  11:56  Marine, Viking x3  
  77  11:57  Command Center  
  77  11:58  Marauder  
  86  12:03  Viking  
  86  12:06  Siege Tank  
  86  12:08  Marine x3  
  88  12:19  Marauder, Marine x3  
  87  12:32  Viking x2  
  89  12:38  Hellion  
  83  12:45  Marine x5  
  83  12:50  Terran Ship Weapons Level 2  
  86  12:51  Terran Vehicle And Ship Armor Level 1  
  86  13:24  Missile Turret  
  86  13:25  Missile Turret  
  86  13:29  Missile Turret  
  86  13:34  Combat Shield  
  86  13:35  Marine x3  
  86  13:36  Marauder, Marine  
  86  13:38  Missile Turret  
  92  13:46  Missile Turret  
  92  14:02  Marine x3  
  92  14:03  Marine, Medivac, Siege Tank  
  100  14:16  Marine  
  101  14:17  Medivac  
  103  14:35  Siege Tank  
  106  14:39  Liberator x2  
  106  14:40  Liberator  
  106  14:45  Orbital Command  
  115  15:02  Liberator  
  116  15:13  Supply Depot  
  116  15:14  Supply Depot  
  116  15:15  Terran Infantry Armor Level 1, Supply Depot  
  116  15:17  Supply Depot  
  116  15:34  Liberator  
  116  15:35  Siege Tank  
  111  16:02  Marine x3  
  111  16:03  Medivac  
  111  16:04  Medivac  
  118  16:07  Siege Tank  
  116  16:21  Marauder, Marine x6  
  117  16:39  Siege Tank  
  120  16:43  Marauder  
  122  16:48  Marine x5  
  122  16:49  Liberator  
  125  17:01  SCV x3  
  125  17:04  Marauder  
  130  17:11  Siege Tank  
  130  17:13  SCV x3  
  136  17:15  Refinery  
  136  17:17  Refinery  
  136  17:25  SCV x2, Marauder  
  136  17:26  SCV  
  141  17:30  Sensor Tower  
  141  17:37  SCV  
  141  17:43  Command Center, Siege Tank  
  145  17:47  Marauder  
  147  17:59  Command Center  
  147  18:08  Marauder  
  149  18:21  Missile Turret  
  149  18:23  Missile Turret  
  149  18:46  Refinery  
  149  18:49  Sensor Tower  
  149  18:54  Marine x2  
  149  18:55  Marauder, Siege Tank  
  116  19:19  Marauder, Marine x5  
  116  19:20  Marine  
  119  19:27  Siege Tank  
  103  19:41  Marauder  
  80  19:47  Marine x4  
  80  19:48  Liberator x2  
  82  19:59  Siege Tank  
  83  20:02  Marauder  
  85  20:24  Marauder  
  87  20:43  Marine x2  
  87  20:47  Marine  
  87  20:48  Marine  
  87  20:49  Marauder  
  24  21:49  Orbital Command  
  24  22:20  Marine  
  25  22:43  Marine  
  23  23:53  Orbital Command  
  23  23:57  Marine  
  23  23:58  Marine x5  
  29  24:21  SCV  
  30  24:35  SCV  
  31  24:47  SCV  
Show
View Real Time Build Order
Export as new Build Order

Massa Terran - Winner!

Build Orders: Liberator Opening 

Get SALT Encoding   

  12  0:00  SCV  
  13  0:12  SCV  
  14  0:22  Supply Depot  
  14  0:24  SCV  
  15  0:40  Refinery  
  15  0:44  SCV  
  15  0:46  Barracks  
  16  0:56  SCV  
  17  1:05  Refinery  
  17  1:08  SCV  
  18  1:20  SCV  
  19  1:32  SCV  
  20  1:34  Supply Depot  
  20  1:37  Marine  
  21  1:41  Factory  
  21  1:44  SCV  
  22  2:00  Orbital Command  
  22  2:22  Command Center  
  23  2:30  SCV  
  23  2:41  Starport  
  23  2:42  Factory Reactor  
  23  2:44  Marine  
  23  2:47  SCV  
  25  3:09  Barracks  
  25  3:13  SCV  
  25  3:16  Marine  
  27  3:25  SCV  
  28  3:30  Viking  
  28  3:33  Marine, Liberator  
  34  3:35  Supply Depot  
  34  3:37  SCV  
  35  3:42  Starport  
  35  3:51  SCV x2  
  37  4:03  SCV  
  37  4:04  Liberator  
  42  4:11  Orbital Command  
  42  4:15  SCV  
  42  4:22  Factory Tech Lab  
  42  4:26  Starport Tech Lab  
  42  4:30  Marine x2  
  44  4:43  Medivac  
  46  4:48  Marine x2  
  46  4:52  SCV x2  
  50  5:04  SCV x2  
  52  5:10  Marine x2  
  53  5:16  SCV  
  54  5:23  Supply Depot x2  
  47  5:44  Marine x2  
  47  5:45  Siege Tank  
  49  5:55  SCV x2  
  49  5:56  Raven  
  53  6:02  Marine  
  54  6:08  SCV x2  
  54  6:09  Command Center  
  53  6:33  Siege Tank  
  53  6:34  Medivac  
  53  6:36  SCV  
  53  6:37  SCV, Marine  
  53  6:38  Marine  
  62  6:46  Barracks  
  62  6:51  Refinery  
  62  6:54  Barracks, Supply Depot  
  62  7:02  Barracks Tech Lab  
  62  7:03  Barracks Reactor  
  62  7:13  Corvid Reactor  
  62  7:16  SCV x2  
  64  7:28  SCV  
  65  7:33  Refinery  
  65  7:36  SCV  
  66  7:40  SCV  
  67  7:48  SCV  
  67  7:51  Medivac, Siege Tank  
  71  7:52  SCV  
  71  7:53  Marine  
  71  7:54  Marauder, Marine x2  
  71  7:56  Barracks Tech Lab  
  79  8:00  Orbital Command  
  79  8:02  SCV  
  79  8:04  SCV  
  81  8:14  SCV  
  81  8:15  Marauder  
  81  8:17  Supply Depot  
  81  8:18  Engineering Bay, Supply Depot x2  
  81  8:19  Supply Depot  
  84  8:22  Engineering Bay  
  84  8:24  Armory  
  84  8:25  Stimpack  
  84  8:27  Combat Shield  
  84  8:39  Medivac  
  84  8:40  Marine x2  
  88  8:41  Marine  
  88  8:42  Marine  
  88  8:44  Supply Depot x2  
  88  8:45  Supply Depot  
  88  8:46  Barracks Reactor  
  90  8:52  Refinery  
  90  8:53  Refinery, SCV x3  
  93  8:58  Marine x2  
  93  8:59  Marine x2  
  97  9:05  SCV x3  
  97  9:08  Siege Tank  
  103  9:13  Terran Infantry Weapons Level 1  
  103  9:15  Marine  
  103  9:16  Marine  
  105  9:17  Marine  
  106  9:27  Sensor Tower  
  106  9:32  Terran Vehicle Weapons Level 1  
  69  10:22  Marauder x2  
  69  10:23  Marine x4  
  77  10:30  Medivac x3  
  83  10:40  Marine  
  83  10:41  Marine x3  
  87  10:44  Marauder x2  
  91  10:58  Marine  
  91  10:59  Marine x2  
  91  11:00  Medivac x2  
  98  11:05  Marauder x2  
  100  11:14  Marine  
  100  11:16  Marine  
  100  11:17  Marine  
  101  11:26  Marauder  
  101  11:27  Marauder  
  105  11:36  Marine x3  
  105  11:37  Marine  
  105  11:39  SCV  
  111  11:40  SCV x2  
  111  11:45  Command Center  
  111  11:46  Command Center  
  111  11:47  Terran Infantry Weapons Level 2, Command Center  
  112  11:48  Terran Infantry Armor Level 1, Marauder x2  
  112  11:51  SCV  
  112  11:52  SCV x2  
  119  11:54  Marine x4  
  119  11:57  Raven  
  119  11:58  Medivac x2  
  129  12:04  SCV  
  114  12:09  Marauder x2  
  114  12:12  Marine x4  
  94  12:28  Medivac  
  94  12:29  Siege Tank  
  87  12:30  Marine x4  
  87  12:31  Marauder x2  
  95  12:39  Factory x2  
  95  12:40  Raven  
  97  12:46  Terran Vehicle Weapons Level 2  
  97  12:47  Marine  
  98  12:51  Medivac  
  98  12:52  Marauder x2  
  98  12:58  Medivac  
  106  13:01  Siege Tank  
  109  13:13  Marauder x2  
  109  13:18  Marine x3  
  109  13:19  Marine  
  117  13:23  Raven  
  119  13:28  Ghost Academy  
  119  13:30  Barracks x2  
  119  13:35  Marauder x2  
  119  13:38  Smart Servos  
  119  13:40  SCV x3  
  119  13:41  Barracks  
  127  13:45  Planetary Fortress  
  126  13:52  SCV x3  
  129  13:56  Marauder x2  
  133  14:04  SCV x3  
  134  14:16  SCV  
  134  14:17  SCV x2  
  134  14:18  Marauder x2  
  134  14:19  Marine x4  
  140  14:37  Marine x4  
  144  14:40  Marauder x2  
  144  14:41  Factory Tech Lab, Siege Tank  
  144  14:42  Factory Tech Lab  
  144  14:45  Personal Cloaking  
  151  14:51  Barracks Tech Lab x2  
  151  14:52  Barracks Reactor  
  151  14:54  Planetary Fortress  
  151  14:55  Planetary Fortress  
  151  14:57  Drilling Claws  
  151  15:01  Marauder x2  
  155  15:13  Siege Tank  
  158  15:22  Marauder x2  
  158  15:24  Marauder  
  158  15:25  Marauder, Marine x4  
  158  15:27  Siege Tank  
  158  15:28  Siege Tank  
  174  15:42  Marine  
  174  15:43  Marine x3  
  174  15:44  Marauder x2  
  174  15:45  Siege Tank  
  185  15:50  Marauder  
  185  15:51  Marauder  
  171  15:59  Siege Tank  
  171  16:00  Marine, Siege Tank  
  171  16:01  Marine  
  177  16:05  Marauder x2  
  177  16:11  Nuke  
  181  16:12  Marauder x2  
  181  16:17  Siege Tank  
  166  16:26  Marauder  
  166  16:27  Marauder  
  169  16:33  SCV, Marauder  
  169  16:34  SCV x4  
  176  16:45  Raven, Medivac x2  
  181  17:02  Supply Depot  
  181  17:03  Supply Depot  
  181  17:04  Supply Depot x3  
  181  17:05  Supply Depot x3  
  181  17:06  Supply Depot x3  
  181  17:07  Terran Infantry Armor Level 2, Terran Infantry Weapons Level 3  
  181  17:08  Terran Vehicle Weapons Level 3  
  180  17:22  Command Center  
  180  17:25  Marauder x4, Marine x6  
  180  17:26  Supply Depot x2  
  180  17:27  Supply Depot  
  194  17:32  Supply Depot  
  194  17:33  Supply Depot  
  194  17:37  Refinery  
  194  17:39  Refinery  
  194  17:41  Missile Turret  
  194  17:42  Marine  
  195  17:47  Marauder x2  
  199  18:01  SCV  
  199  18:02  Missile Turret  
  200  18:07  Concussive Shells  
  200  18:23  Missile Turret  
  118  19:47  Raven  
  118  19:48  Medivac x2  
  124  19:59  Marauder x4, Marine  
  127  20:00  Marine x2  
  127  20:03  Planetary Fortress  
  127  20:16  Command Center  
  127  20:18  Medivac x2  
  127  20:20  Marauder  
  127  20:21  Marauder x3  
  139  20:30  Raven  
  126  20:39  Marine  
  126  20:41  Siege Tank x3  
  126  20:42  Marauder x4  
  124  21:03  Marauder  
  124  21:04  Marauder x3  
  121  21:12  Marine  
  121  21:13  Marine x2, Siege Tank x3  
  121  21:15  Viking x2  
  121  21:16  Raven  
  127  21:24  Marauder  
  127  21:25  Marauder x3  
  110  21:37  Marine  
  110  21:38  Marine x5  
  114  21:44  Viking  
  114  21:45  Viking, Siege Tank x3  
  114  21:46  Marauder x4  
  135  21:55  Marine x6  
  135  21:59  Medivac  
  143  22:07  Marauder  
  143  22:08  Marauder x3  
  151  22:13  Marine x6  
  157  22:17  Command Center, Siege Tank  
  160  22:28  Marauder, Marine  
  160  22:29  Marauder, Marine  
  166  22:30  Marine  
  166  22:31  Marine x2  
  165  23:05  Viking x2  
  165  24:04  Planetary Fortress  
Show
View Real Time Build Order
Export as new Build Order

qqq Zerg - Winner!

Build Orders: Hatch First, Brood Lord Corruptor 

Get SALT Encoding   

  12  0:00  Drone  
  13  0:11  Drone  
  14  0:19  Overlord  
  14  0:47  Hatchery  
  14  0:49  Drone  
  14  1:01  Drone x2  
  14  1:02  Drone  
  17  1:06  Extractor  
  16  1:20  Drone  
  17  1:27  Spawning Pool  
  17  1:30  Drone  
  17  1:42  Drone  
  17  1:46  Drone  
  19  1:55  Drone  
  20  2:03  Drone  
  21  2:11  Drone  
  21  2:13  Queen  
  21  2:15  Lair  
  24  2:19  Drone  
  24  2:21  Drone  
  26  2:23  Extractor  
  26  2:30  Drone  
  26  2:31  Drone  
  27  2:41  Drone  
  28  2:47  Spine Crawler  
  27  2:52  Drone  
  28  2:59  Overlord  
  28  3:00  Overlord x2  
  28  3:18  Drone x2  
  28  3:19  Spire  
  30  3:20  Drone  
  30  3:29  Queen  
  30  3:31  Drone  
  33  3:35  Drone  
  33  3:38  Drone  
  35  3:50  Drone  
  35  3:51  Infestation Pit  
  35  4:09  Overlord  
  35  4:12  Drone x2  
  35  4:15  Hatchery  
  36  4:21  Drone  
  37  4:30  Hive  
  37  4:31  Mutalisk x2  
  37  4:34  Drone  
  37  4:36  Drone  
  43  4:44  Queen  
  45  4:53  Zerg Flyer Weapons Level 1  
  45  4:56  Overlord  
  45  4:57  Overlord  
  45  4:58  Drone  
  45  4:59  Drone  
  47  5:05  Mutalisk  
  49  5:14  Spine Crawler x2  
  41  5:44  Mutalisk x2  
  41  5:50  Drone  
  41  5:51  Drone x2  
  41  5:52  Drone x4  
  48  6:06  Drone  
  49  6:11  Mutalisk  
  49  6:15  Drone x2  
  49  6:16  Drone x2  
  55  6:19  Extractor  
  55  6:20  Extractor  
  55  6:23  Drone  
  55  6:25  Drone  
  55  6:30  Drone  
  56  6:43  Drone x2  
  56  6:44  Hatchery  
  57  6:50  Drone x3  
  60  6:55  Hatchery  
  60  6:57  Drone x2  
  61  7:01  Drone  
  57  7:10  Greater Spire  
  57  7:12  Viper  
  57  7:13  Drone  
  57  7:14  Drone x2  
  57  7:15  Mutalisk  
  65  7:29  Drone  
  66  7:30  Mutalisk  
  66  7:34  Extractor  
  66  7:35  Extractor  
  66  7:40  Spore Crawler  
  66  7:41  Spore Crawler  
  66  7:42  Spine Crawler, Spore Crawler  
  66  7:43  Drone  
  63  7:46  Mutalisk x2  
  63  7:48  Zergling x6  
  63  7:49  Drone  
  71  7:55  Hatchery  
  71  7:56  Corruptor  
  71  7:57  Drone x2  
  74  8:00  Mutalisk  
  76  8:16  Drone x2  
  78  8:22  Hydralisk Den, Corruptor  
  78  8:24  Drone x3  
  78  8:25  Drone  
  78  8:27  Overlord x3  
  83  8:40  Drone x2  
  85  8:43  Drone  
  85  8:45  Drone x2  
  88  8:49  Mutalisk  
  88  8:52  Mutalisk  
  88  8:55  Mutalisk  
  92  8:58  Mutalisk  
  96  9:04  Zerg Flyer Armor Level 1  
  96  9:09  Baneling Nest  
  95  9:12  Drone  
  95  9:13  Hatchery  
  95  9:14  Drone x3  
  98  9:23  Brood Lord x2  
  101  9:32  Spine Crawler  
  101  9:34  Spine Crawler  
  101  9:36  Drone x4  
  86  10:22  Mutalisk, Corruptor x4  
  86  10:23  Corruptor  
  86  10:24  Drone x3  
  86  10:25  Drone x3  
  100  10:34  Mutalisk x2  
  104  10:44  Corruptor x2  
  104  10:46  Drone x2  
  104  10:48  Extractor  
  104  10:49  Extractor  
  108  11:01  Hatchery  
  107  11:07  Hatchery  
  102  11:14  Corruptor x2  
  102  11:15  Corruptor x2  
  110  11:20  Overlord x6  
  110  11:38  Brood Lord x4  
  110  11:39  Brood Lord, Overlord x3  
  120  11:41  Drone x2  
  118  11:57  Drone x2  
  118  11:58  Drone x2  
  100  12:40  Mutalisk, Corruptor x4  
  100  12:41  Mutalisk  
  100  12:42  Mutalisk x4  
  100  12:43  Drone x5  
  123  12:56  Drone x3  
  123  12:57  Drone x4  
  130  13:02  Lurker Den  
  130  13:03  Ultralisk Cavern  
  127  13:12  Brood Lord  
  127  13:13  Brood Lord  
  127  13:15  Zergling x2  
  127  13:16  Zergling x14  
  127  13:17  Zergling x2  
  127  13:18  Metabolic Boost  
  138  13:25  Drone  
  138  13:26  Drone x7  
  146  13:31  Spine Crawler  
  146  13:32  Spine Crawler  
  144  13:34  Spine Crawler  
  143  13:51  Ultralisk x2  
  143  13:52  Zergling x6  
  143  13:53  Zergling x2  
  143  13:54  Zergling x6  
  143  13:55  Centrifical Hooks  
  162  13:59  Hydralisk x2  
  162  14:01  Drone  
  162  14:02  Drone x6  
  173  14:09  Zergling x6  
  176  14:18  Drone x2  
  176  14:19  Drone  
  176  14:23  Extractor x2  
  177  14:27  Hatchery  
  177  14:28  Spine Crawler  
  175  14:34  Hydralisk  
  175  14:35  Hydralisk x5  
  175  14:37  Drone  
  188  14:42  Seismic Spines  
  188  14:43  Zerg Flyer Armor Level 2  
  188  14:48  Evolution Chamber  
  188  14:51  Evolution Chamber  
  185  14:54  Spine Crawler  
  185  14:55  Spine Crawler  
  185  14:57  Spine Crawler x2  
  185  14:58  Spine Crawler  
  180  15:00  Spine Crawler  
  146  15:14  Brood Lord x4  
  131  15:19  Zergling x6  
  131  15:20  Zergling x12  
  136  15:35  Lurker x4  
  85  15:50  Ultralisk  
  85  15:51  Zergling x4, Ultralisk  
  85  15:52  Drone x4  
  85  15:53  Drone x2  
  76  16:09  Hydralisk x3  
  76  16:10  Hydralisk  
  84  16:11  Drone x2  
  84  16:18  Baneling x4  
  86  16:21  Drone x2  
  86  16:24  Hatchery  
  86  16:25  Extractor x2  
  86  16:27  Spine Crawler  
  86  16:28  Spine Crawler  
  86  16:29  Spine Crawler  
  82  16:34  Zerg Melee Weapons Level 1  
  82  16:35  Zerg Ground Armor Level 1  
  82  16:41  Spine Crawler  
  82  16:42  Spine Crawler x2  
  82  16:44  Spine Crawler  
  78  16:53  Lurker x2  
  79  16:59  Zerg Flyer Weapons Level 2  
  79  17:16  Hatchery  
  79  17:18  Drone, Hatchery  
  79  17:19  Drone  
  79  17:21  Drone  
  80  17:31  Drone x4  
  84  17:40  Anabolic Synthesis  
  84  17:43  Drone  
  85  17:56  Lurker x2  
  85  17:57  Hydralisk x2  
  91  17:59  Drone x2  
  91  18:00  Drone  
  91  18:01  Drone  
  95  18:17  Zergling x12  
  95  18:18  Drone x2  
  103  18:23  Chitinous Plating  
  103  18:40  Ultralisk x2  
  103  18:41  Zergling x4  
  109  18:52  Baneling x6  
  109  18:53  Baneling x6  
  99  19:21  Hydralisk x5  
  99  19:22  Hydralisk  
  99  19:23  Drone  
  99  19:24  Drone x2  
  107  19:42  Spine Crawler  
  107  19:43  Spine Crawler  
  107  19:44  Spine Crawler  
  103  19:46  Extractor  
  103  19:47  Spine Crawler  
  94  19:58  Hydralisk x2  
  98  20:07  Hatchery  
  94  20:11  Hatchery  
  89  20:34  Lurker  
  89  20:41  Lurker  
  75  20:51  Zerg Melee Weapons Level 2  
  34  21:22  Spine Crawler  
  34  21:25  Spine Crawler x2  
  31  21:28  Spine Crawler  
  31  21:32  Extractor  
  29  21:33  Drone x3  
  29  21:34  Drone x3  
  29  21:36  Zergling x12  
  41  22:05  Drone x4  
  45  22:10  Baneling x2  
  45  22:11  Baneling x2  
  45  22:12  Baneling  
  45  22:16  Hydralisk  
  47  22:24  Hydralisk x2  
  51  22:44  Spore Crawler x3  
  49  22:50  Spore Crawler, Corruptor  
  49  22:51  Spore Crawler  
  47  22:56  Drone x2  
  49  23:06  Spore Crawler  
  49  23:09  Hydralisk x2  
  51  23:25  Hydralisk x2  
  49  23:43  Muscular Augments  
  49  23:49  Drone x5  
  51  23:59  Lurker x2  
  51  24:01  Drone  
  54  24:03  Drone  
  54  24:08  Drone x2  
  55  24:19  Corruptor  
  55  24:21  Drone x2  
  55  24:23  Drone  
  60  24:36  Drone x4  
  60  24:37  Drone x2  
  66  24:44  Corruptor  
  72  25:10  Drone x4  
  72  25:11  Drone  
Tags
 
Add a new tag
Caveats
  • Supply blocks, unpowered buildings, or Contaminate may cause inaccurate times.
  • Supply counts are checked every 10 seconds.